[Event "Early-Titled-Tuesday-Blitz-October-24-2023"]
[Site "Chess.com"]
[Date "2023.10.24"]
[Round "1"]
[White "WFM_Sara_Adel"]
[Black "brm72"]
[Result "1-0"]
[WhiteElo "2192"]
[BlackElo "2537"]
[TimeControl "180+1"]
[EndTime "8:05:57 PDT"]
[Termination "WFM_Sara_Adel won by checkmate"]

1. e4 c5 2. Nc3 d6 3. f4 g6 4.
Nf3 Bg7 5. Bc4 Nc6 6. O-O e6 7.
d3 Nge7 8. Qe1 O-O 9. Qh4 d5 10.
Bb3 Nd4 11. f5 Nxf3+ 12. Rxf3 exf5 13. Bg5 f6 14. Nxd5 Nxd5 15. Bxd5+ Kh8 16. Bh6 fxe4 17. dxe4 f5 18. Bg5 Bf6 19. Bxf6+ Qxf6 20. Qxf6+ Rxf6 21. e5 Rf8 22. e6 Re8 23. Re3 Kg7 24. g4 Kf6 25. e7 Rxe7 26. g5+ Kxg5 27. Rxe7 Rb8 28. Rae1 h5 29. Rh7 b5 30. Ree7 f4 31. Kg2 Bf5 32.
Re5 a5 33. Rf7 Kh6 34. Be4 Bxe4+ 35. Rxe4 Rd8 36. h4 Rd2+ 37. Kf3 Rxc2 38. Ree7 g5 39.
Rf6# 1-0

[Event "Early-Titled-Tuesday-Blitz-October-24-2023"]
[Site "Chess.com"]
[Date "2023.10.24"]
[Round "1"]
[White "aranibos"]
[Black "wannabe2700"]
[Result "0-1"]
[WhiteElo "2294"]
[BlackElo "2618"]
[TimeControl "180+1"]
[EndTime "8:05:58 PDT"]
[Termination "wannabe2700 won by checkmate"]

1. d4 f5 2. Qd3 d6 3. g4 e6 4.
gxf5 exf5 5. Bg2 c6 6. Nc3 d5 7. h4 Nf6 8. Bg5 Be7 9. Bxf6 Bxf6 10. Nf3 O-O 11. O-O-O Na6 12. a3 b5 13. Na2 Qd6 14.
Kb1 Rb8 15. c3 Nc7 16. Rdg1 a5 17. Bh3 Na6 18. Bxf5 Bxf5 19. Qxf5 Bxd4 20. Qg4 Bf6 21. Nd4 b4 22. Nf5 Qe5 23. axb4 axb4 24. Nd4 bxc3 25. Qe6+ Qxe6 26. Nxe6 Rxb2+ 27. Ka1 Ra8 28. Nxg7 Nc5 29. Ne6+ Kh8 30. Nxc5 Raxa2# 0-1

[Event "Early-Titled-Tuesday-Blitz-October-24-2023"]
[Site "Chess.com"]
[Date "2023.10.24"]
[Round "1"]
[White "Cambek64"]
[Black "MatthewG-p4p"]
[Result "0-1"]
[WhiteElo "2446"]
[BlackElo "2811"]
[TimeControl "180+1"]
[EndTime "8:06:00 PDT"]
[Termination "MatthewG-p4p won by resignation"]

1. e4 c5 2. Nc3 g6 3. b3 Bg7 4. Bb2 Nc6 5. f4 e6 6. Nf3 Nge7 7. e5 d6 8. exd6 Nf5 9. Bb5 Qxd6 10. Ne4 Qxf4 11. Bxg7 Qxe4+ 12. Qe2 Qxe2+ 13. Kxe2 Nxg7 14. Bxc6+ bxc6 15. g4 h6 16. Ne5 O-O 17. Rhf1 Bb7 18. Ke3 Rad8 19. Nd3 c4 20. bxc4 Ba6 21. Ne5 c5 22. Rab1 g5 23. d3 f6 24. Nf3 Rd7 25. Rb3 Bb7 26. Nd2 f5 27. h3 fxg4 28. Rxf8+ Kxf8 29.
hxg4 h5 30. Ne4 Bxe4 31. Kxe4 hxg4 32. Ke5 Kf7 33. Rb1 g3 34. Ke4 Nf5 35. Kf3 Kf6 36.
Kg2 Rh7 37. Kf3 Rh2 38. c3 Rf2+ 39. Kg4 g2 40. Rg1 Ne3+ 41. Kg3 Rf1 42. Kh2 Rxg1 43.
Kxg1 Ke5 44. a3 Kf4 45. a4 Kf3 46. a5 a6 47. d4 cxd4 48. cxd4 Nxc4 49. d5 exd5 50. Kh2 d4 51. Kh3 d3 52. Kh2 d2 53.
Kh3 d1=Q 0-1

[Event "Early-Titled-Tuesday-Blitz-October-24-2023"]
[Site "Chess.com"]
[Date "2023.10.24"]
[Round "1"]
[White "mbachez"]
[Black "adotand"]
[Result "0-1"]
[WhiteElo "2461"]
[BlackElo "2845"]
[TimeControl "180+1"]
[EndTime "8:06:01 PDT"]
[Termination "adotand won on time"]

1. e4 c5 2. Nf3 Nc6 3. Bb5 e6 4. O-O Nge7 5. d4 cxd4 6. Nxd4 a6 7. Be2 Ng6 8. Nxc6 bxc6 9. Nc3 Be7 10. Kh1 d5 11. f4 O-O 12. Bd3 f5 13. exf5 exf5 14.
Ne2 c5 15. c3 Bb7 16. Ng3 Nh4 17. Be2 Qd7 18. Be3 Rad8 19. Rf2 d4 20. cxd4 cxd4 21. Bc4+ Kh8 22. Bd2 Nxg2 23. Kg1 Nh4 24. Rc1 d3 25. Bc3 Bc5 26. Nh5 Rg8 27. Bxg8 Rxg8 28. Kf1 Qd5 29.
Ng3 Bxf2 30. Bxg7+ Rxg7 31. Kxf2 Re7 0-1

[Event "Early-Titled-Tuesday-Blitz-October-24-2023"]
[Site "Chess.com"]
[Date "2023.10.24"]
[Round "1"]
[White "I_am_Javi"]
[Black "victormago"]
[Result "1-0"]
[WhiteElo "2795"]
[BlackElo "2431"]
[TimeControl "180+1"]
[EndTime "8:06:01 PDT"]
[Termination "I_am_Javi won on time"]

1. e4 c5 2. Nf3 d6 3. d4 cxd4 4. Nxd4 Nf6 5. Nc3 a6 6. Bc4 e6 7.
Bb3 Nbd7 8. Bg5 Nc5 9. f4 Be7 10. Qe2 h6 11. Bxf6 Bxf6 12. O-O-O Qc7 13. Rhe1 O-O 14.
g4 b5 15. g5 hxg5 16. e5 dxe5 17. fxe5 Be7 18. h4 Bb7 19. Kb1 b4 20. hxg5 bxc3 21.
Qh5 Bxg5 22. Qxg5 Nxb3 23. axb3 Rfd8 24. Rg1 g6 25. Qf6 Be4 26. Rh1 1-0

[Event "Early-Titled-Tuesday-Blitz-October-24-2023"]
[Site "Chess.com"]
[Date "2023.10.24"]
[Round "1"]
[White "sari07"]
[Black "Wizard_97"]
[Result "0-1"]
[WhiteElo "2262"]
[BlackElo "2592"]
[TimeControl "180+1"]
[EndTime "8:06:01 PDT"]
[Termination "Wizard_97 won by checkmate"]

1. Nf3 Nf6 2. c4 e6 3. g3 d5 4. Bg2 Be7 5. O-O O-O 6. d3 Nc6 7. Nbd2 a5 8. b3 a4 9. Bb2 a3 10. Bc3 d4 11. Qc2 dxc3 12. Qxc3 Bc5 13. e3 e5 14.
Rfd1 Bg4 15. h3 Bh5 16. Rab1 Bg6 17. Nxe5 Bb4 18. Qa1 Nxe5 19. Qxe5 c6 20. Nf1 Re8 21. Qf4 Qa5 22. e4 Rad8 23. Ne3 Bd2 24. Qf3 Bxe3 25. Qxe3 Qc3 26. Bf1 Qd4 27. Qxd4 Rxd4 28. f3 Red8 29. Kf2 Nd7 30. Ke3 Nc5 31. g4 f6 32. b4 Na4 33. Rb3 Nb2 34. Rd2 Nxc4+ 35. dxc4 Rxd2 36.
Rxa3 Bf7 37. b5 Rb2 38. bxc6 bxc6 39. Ra7 Rc2 40. a4 Bxc4 41. Bxc4+ Rxc4 42. a5 Rc3+ 43. Kf4 Re8 44. a6 g5+ 45. Kf5 Rxf3# 0-1

[Event "Early-Titled-Tuesday-Blitz-October-24-2023"]
[Site "Chess.com"]
[Date "2023.10.24"]
[Round "1"]
[White "Witty_Alien"]
[Black "IMRosen"]
[Result "0-1"]
[WhiteElo "2213"]
[BlackElo "2568"]
[TimeControl "180+1"]
[EndTime "8:06:01 PDT"]
[Termination "IMRosen won by resignation"]

1. e4 c5 2. Nf3 e6 3. d4 cxd4 4. c3 dxc3 5. Bc4 Nc6 6. O-O Bb4 7. Nxc3 Nge7 8. Nd5 exd5 9. exd5 O-O 10. a3 Bd6 11. Bg5 Na5 12. Bd3 h6 13. b4 hxg5 14.
Nxg5 g6 15. Qf3 Kg7 16. bxa5 Be5 17. d6 Nc6 18. Bc4 Qxg5 19. Rae1 Qf4 20. Qh3 Qxc4 0-1

[Event "Early-Titled-Tuesday-Blitz-October-24-2023"]
[Site "Chess.com"]
[Date "2023.10.24"]
[Round "1"]
[White "Estrategia_vs_Tactica"]
[Black "NovoselovRoman"]
[Result "1-0"]
[WhiteElo "2262"]
[BlackElo "2564"]
[TimeControl "180+1"]
[EndTime "8:06:02 PDT"]
[Termination "Estrategia_vs_Tactica won on time"]

1. e4 e6 2. d4 d5 3. exd5 exd5 4.
Nf3 Nf6 5. Bd3 c5 6. O-O Be6 7. c3 Nc6 8. Re1 Be7 9. dxc5 Bxc5 10. Nbd2 O-O 11. Nb3 Bb6 12. Be3 Bc7 13. Nbd4 Bg4 14. Nxc6 bxc6 15. h3 Bh5 16. Bc5 Re8 17. Rxe8+ Qxe8 18. g4 Bg6 19. Bxg6 hxg6 20. Nd2 Qe5 21. Qf3 Rb8 22. b4 Re8 23. Kf1 Qh2 24. Re1 Rxe1+ 25. Kxe1 Bf4 26. Nf1 Qg1 27. Qxf4 1-0

[Event "Early-Titled-Tuesday-Blitz-October-24-2023"]
[Site "Chess.com"]
[Date "2023.10.24"]
[Round "1"]
[White "Ranindu2003"]
[Black "RCone"]
[Result "1-0"]
[WhiteElo "2809"]
[BlackElo "2442"]
[TimeControl "180+1"]
[EndTime "8:06:04 PDT"]
[Termination "Ranindu2003 won by checkmate"]

1. e4 d6 2. d4 Nf6 3. Nc3 g6 4. f4 Bg7 5. Nf3 O-O 6. Bd3 Na6 7. O-O c5 8. d5 Bg4 9. f5 Nc7 10. Qe1 Bxf3 11. Rxf3 b5 12. Nxb5 c4 13. Nxc7 Qxc7 14. Bf1 Qc5+ 15. Be3 Qb5 16. Bd4 Ng4 17. Bxg7 Kxg7 18.
Qc3+ Ne5 19. Be2 Kg8 20. Rg3 Rab8 21. Rb1 Qc5+ 22. Kh1 Qb4 23. Qe3 Qb6 24. Qh6 Qf2 25.
Rh3 Rxb2 26. Qxh7# 1-0

[Event "Early-Titled-Tuesday-Blitz-October-24-2023"]
[Site "Chess.com"]
[Date "2023.10.24"]
[Round "1"]
[White "IriBu"]
[Black "itsdsyr"]
[Result "1-0"]
[WhiteElo "2601"]
[BlackElo "2273"]
[TimeControl "180+1"]
[EndTime "8:06:04 PDT"]
[Termination "IriBu won on time"]

1. e4 e5 2. Nf3 Nc6 3. Nc3 Nf6 4. h3 Bc5 5. Bb5 O-O 6. d3 d6 7. a4 h6 8. g4 Nh7 9. Rg1 Nd4 10. Bc4 Qf6 11.
Nxd4 Bxd4 12. Qe2 c6 13. Be3 Be6 14. Bb3 Bxb3 15. cxb3 Qe6 16. Qc2 d5 17. O-O-O Bxc3 18. bxc3 Qd6 19. Kb2 d4 20. cxd4 exd4 21. Bc1 c5 22. f4 a6 23. e5 Qd5 24. Qc4 Qc6 25. a5 Rab8 26. Bd2 b5 27. axb6 Rxb6 28. Ra1 Rfb8 29.
Ra3 Nf8 30. f5 Qf3 31. Re1 Qf2 32. Kc2 Qg2 33. e6 fxe6 34. fxe6 1-0

[Event "Early-Titled-Tuesday-Blitz-October-24-2023"]
[Site "Chess.com"]
[Date "2023.10.24"]
[Round "1"]
[White "vladgoncharov"]
[Black "Fraler15"]
[Result "1-0"]
[WhiteElo "2584"]
[BlackElo "2252"]
[TimeControl "180+1"]
[EndTime "8:06:05 PDT"]
[Termination "vladgoncharov won by resignation"]

1. d4 Nf6 2. c4 e6 3. Nc3 Bb4 4. e3 b6 5. Bd3 Bb7 6. f3 d5 7. Qa4+ Nc6 8. cxd5 Nxd5 9. Bd2 O-O 10. Nge2 Qh4+ 11.
Ng3 Nxc3 12. bxc3 Bd6 13. Kf2 e5 14. Be4 Na5 15. Bxb7 Nxb7 16. e4 exd4 17. cxd4 c5 18. Qb5 cxd4 19. Bg5 a6 20. Qd5 Bxg3+ 21. hxg3 Qxh1 22.
Rxh1 Nc5 23. Be7 Rfc8 24. Bxc5 bxc5 25. Rc1 1-0

[Event "Early-Titled-Tuesday-Blitz-October-24-2023"]
[Site "Chess.com"]
[Date "2023.10.24"]
[Round "1"]
[White "deribas12345"]
[Black "AleksandrAleksikov"]
[Result "0-1"]
[WhiteElo "2558"]
[BlackElo "2251"]
[TimeControl "180+1"]
[EndTime "8:06:05 PDT"]
[Termination "AleksandrAleksikov won by checkmate"]

1. d4 Nf6 2. c4 g6 3. Nc3 Bg7 4. e4 d6 5. Nge2 O-O 6. Ng3 e5 7.
d5 c5 8. Be2 Na6 9. O-O Nc7 10.
Be3 a6 11. a4 b6 12. a5 b5 13. cxb5 axb5 14. f3 Ba6 15. b4 cxb4 16. Na2 Bb7 17.
Nxb4 Qd7 18. Qb3 Na6 19. Rfc1 Nc5 20. Bxc5 dxc5 21. Rxc5 Qd6 22. Rc2 Rxa5 23. Rxa5 Qb6+ 24. Kf1 Qxa5 25. Nc6 Qa1+ 26. Kf2 Ra8 27. Qxb5 Bxc6 28.
dxc6 Qd4+ 29. Kf1 Ra1+ 30. Bd1 Qxd1+ 31. Kf2 Qe1# 0-1

[Event "Early-Titled-Tuesday-Blitz-October-24-2023"]
[Site "Chess.com"]
[Date "2023.10.24"]
[Round "1"]
[White "miraitrunks"]
[Black "M1711"]
[Result "0-1"]
[WhiteElo "2135"]
[BlackElo "2548"]
[TimeControl "180+1"]
[EndTime "8:06:10 PDT"]
[Termination "M1711 won by resignation"]

1. e4 c6 2. Nf3 d5 3. exd5 cxd5 4. Ne5 a6 5. d4 Nf6 6. Bd3 Nc6 7. O-O e6 8. c3 Bd6 9. Re1 O-O 10. Bf4 Qc7 11.
Qe2 Bd7 12. Nd2 b5 13. Ndf3 b4 14. Rac1 bxc3 15. bxc3 Na5 16. c4 dxc4 17. Bxc4 Nxc4 18. Rxc4 Qb7 19. Nxd7 Qxd7 20. Bxd6 Qxd6 21. Ne5 Qd5 22. Rec1 Rab8 23. h3 h6 24. R1c3 Ne4 25. Re3 Nd6 26. Rc5 Qxd4 27. Rc6 Nf5 28. Re4 Qa1+ 29. Kh2 Nd4 30.
Rxd4 Qxd4 31. Rxa6 Rb2 0-1

[Event "Early-Titled-Tuesday-Blitz-October-24-2023"]
[Site "Chess.com"]
[Date "2023.10.24"]
[Round "1"]
[White "LoydBlankenship"]
[Black "Zampronha1971"]
[Result "1-0"]
[WhiteElo "2654"]
[BlackElo "2336"]
[TimeControl "180+1"]
[EndTime "8:06:11 PDT"]
[Termination "LoydBlankenship won by resignation"]

1. e4 c5 2. Nf3 e6 3. d4 cxd4 4. Nxd4 Nc6 5. Nc3 Qc7 6. Nb3 a6 7. Bd3 b5 8. O-O Bb7 9. Be3 Ne5 10. Qe2 h5 11. h3 Nf6 12. f4 Nc4 13. Bxc4 bxc4 14.
Nd2 Rc8 15. a3 Bc5 16. Rae1 Bxe3+ 17. Qxe3 h4 18. Nf3 Kf8 19. Ng5 d5 20. e5 Nh5 21. f5 exf5 22. Rxf5 Kg8 23. Rxf7 Qxf7 24. Nxf7 Kxf7 25. e6+ Kg8 26. Qb6 Rb8 27. e7 Nf6 28.
Qe6+ Kh7 29. Qf5+ Kh6 30. Ne2 Bc8 31. Qf4+ Kh7 32. Qxb8 1-0

[Event "Early-Titled-Tuesday-Blitz-October-24-2023"]
[Site "Chess.com"]
[Date "2023.10.24"]
[Round "1"]
[White "Bilan_Danila"]
[Black "Legendinunknown"]
[Result "0-1"]
[WhiteElo "2429"]
[BlackElo "2792"]
[TimeControl "180+1"]
[EndTime "8:06:13 PDT"]
[Termination "Legendinunknown won on time"]

1. d4 Nf6 2. Nf3 d5 3. c4 c6 4.
Nc3 e6 5. Bg5 dxc4 6. e4 b5 7. e5 h6 8. Bh4 g5 9. Nxg5 hxg5 10.
Bxg5 Nbd7 11. exf6 Bb7 12. g3 Qb6 13. Bg2 O-O-O 14.
O-O c5 15. d5 b4 16. Na4 Qa6 17. a3 b3 18. Nc3 Nb6 19. Qg4 Nxd5 20. Nxd5 Bxd5 21.
Bxd5 Rxd5 22. Rac1 Bd6 23. Rfd1 Kc7 24. Bf4 Rd8 25. Bxd6+ R8xd6 26. Rxd5 exd5 27. Qh5 Qc6 28. Qxf7+ Kb6 29. Qf8 Rxf6 30. Qd8+ Ka6 31. Re1 Rd6 32. Qh8 d4 33. h4 Ka5 34. Qg7 a6 35. Qh8 Ka4 36.
Rc1 c3 37. bxc3 b2 38. Rb1 Kxa3 39. cxd4 c4 40. d5 Qb5 41. Qc3+ Ka2 42. Qc2 Qb3 43. Qf5 Qd3 0-1

[Event "Early-Titled-Tuesday-Blitz-October-24-2023"]
[Site "Chess.com"]
[Date "2023.10.24"]
[Round "1"]
[White "Kleyton_Lima"]
[Black "DevikBronstein"]
[Result "0-1"]
[WhiteElo "2498"]
[BlackElo "2920"]
[TimeControl "180+1"]
[EndTime "8:06:16 PDT"]
[Termination "DevikBronstein won by resignation"]

1. e4 g6 2. d4 Bg7 3. Nc3 d6 4. f4 Nf6 5. Nf3 O-O 6. Bd3 Nc6 7. e5 dxe5 8. fxe5 Nh5 9. Be3 f6 10.
exf6 exf6 11. O-O Bg4 12. Bc4+ Kh8 13. Qd2 Bxf3 14. Rxf3 f5 15. Rd1 f4 16. Bf2 Qd7 17.
Ne4 Rae8 18. Nc5 Qc8 19. Ne6 Rf5 20. Nxg7 Kxg7 21. d5 Ne5 22. Bd4 c5 23. Bxe5+ Rfxe5 24. d6 Qd7 25. Rff1 b5 26. Bxb5 Qxb5 27. d7 Rd8 28.
Qc3 c4 29. Rfe1 Qc5+ 30. Kh1 Kf6 31. b4 cxb3 32. Qb2 bxc2 33. Rc1 Rxd7 34. Rxc2 Qd4 35. Rc6+ Kg7 0-1

[Event "Early-Titled-Tuesday-Blitz-October-24-2023"]
[Site "Chess.com"]
[Date "2023.10.24"]
[Round "1"]
[White "lamomiajunior"]
[Black "wild3000"]
[Result "1-0"]
[WhiteElo "2661"]
[BlackElo "2349"]
[TimeControl "180+1"]
[EndTime "8:06:16 PDT"]
[Termination "lamomiajunior won by resignation"]

1. d4 d5 2. c4 e6 3. Nc3 Nf6 4.
cxd5 exd5 5. Bg5 c6 6. e3 Be7 7. Bd3 Nbd7 8. Nf3 h6 9. Bf4 O-O 10. h3 b6 11. O-O Bb7 12. Ne5 Re8 13. Qc2 Nxe5 14. dxe5 Nd7 15. Bh2 Nc5 16. f4 Nxd3 17. Qxd3 Bf8 18. Rad1 a5 19. Rfe1 a4 20. a3 Ba6 21.
Qc2 Bc4 22. Nxa4 b5 23. Nc3 Qb6 24. b3 Rxa3 25. bxc4 dxc4 26. Ne4 Rxe3 27. Qf2 Rxe1+ 28. Rxe1 Qa5 29. f5 c3 30. Qg3 b4 31. Nf6+ Kh8 32.
Nxe8 b3 33. f6 g6 34. e6 b2 35. e7 Bxe7 36. fxe7 c2 37. Qe5+ Qxe5 38. Bxe5+ 1-0

[Event "Early-Titled-Tuesday-Blitz-October-24-2023"]
[Site "Chess.com"]
[Date "2023.10.24"]
[Round "1"]
[White "C_K_G"]
[Black "Tejas_Rama"]
[Result "0-1"]
[WhiteElo "1859"]
[BlackElo "2526"]
[TimeControl "180+1"]
[EndTime "8:06:16 PDT"]
[Termination "Tejas_Rama won on time"]

1. e4 c5 2. Nf3 d6 3. d4 cxd4 4. Nxd4 Nf6 5. Nc3 Nc6 6. Be2 g6 7. Be3 Bg7 8. O-O O-O 9. f4 Bd7 10. Bf3 Rc8 11. Nxc6 Bxc6 12. e5 dxe5 13. fxe5 Qxd1 14.
Raxd1 Bxf3 15. exf6 Bxd1 16. fxg7 Rfd8 17. Rxd1 Rxd1+ 18.
Nxd1 Rxc2 19. Kf1 a6 20. a3 Kxg7 21. h4 e5 22. g3 f5 23. Ke1 Kf6 24. Bd2 Ke6 25. Ke2 f4 26. gxf4 exf4 27. Kd3 Rc8 28. Bxf4 Rd8+ 0-1

[Event "Early-Titled-Tuesday-Blitz-October-24-2023"]
[Site "Chess.com"]
[Date "2023.10.24"]
[Round "1"]
[White "Levanzovsky"]
[Black "AvitalBor"]
[Result "1-0"]
[WhiteElo "2484"]
[BlackElo "2839"]
[TimeControl "180+1"]
[EndTime "8:06:17 PDT"]
[Termination "Levanzovsky won by resignation"]

1. e4 e6 2. d4 d5 3. Nc3 Bb4 4. e5 c5 5. a3 Bxc3+ 6. bxc3 Ne7 7. a4 O-O 8. Bd3 Qa5 9. Bd2 c4 10. Be2 Bd7 11. Qc1 Re8 12. Nf3 Bxa4 13. g4 Nbc6 14. h4 b5 15. h5 b4 16. cxb4 Nxb4 17. c3 Nd3+ 18. Bxd3 cxd3 19. Qa3 Rab8 20. O-O Qc7 21. Qxa4 Nc6 22. h6 gxh6 23. Bxh6 Ne7 24. Rfc1 Ng6 25. Qd1 Qc4 26. Qd2 Rb7 27. Qg5 f6 28. exf6 d2 29. Qxd2 e5 30. Qg5 Qe2 31. Nxe5 Rb2 32. f7+ 1-0

[Event "Early-Titled-Tuesday-Blitz-October-24-2023"]
[Site "Chess.com"]
[Date "2023.10.24"]
[Round "1"]
[White "Felix-Rose"]
[Black "Dixit_Nikhil"]
[Result "0-1"]
[WhiteElo "2299"]
[BlackElo "2619"]
[TimeControl "180+1"]
[EndTime "8:06:18 PDT"]
[Termination "Dixit_Nikhil won by resignation"]

1. e4 c5 2. Nf3 Nc6 3. d4 cxd4 4.
Nxd4 Nf6 5. Nc3 e5 6. Ndb5 d6 7. Bg5 a6 8. Na3 b5 9. Nab1 Be7 10. Bxf6 Bxf6 11. Nd5 O-O 12. Be2 Be6 13. a4 Nd4 14. Nbc3 bxa4 15. Rxa4 a5 16. O-O Bg5 17. b3 Rc8 18.
Bc4 Kh8 19. Qd3 f5 20. f3 Bh6 21. exf5 Bxf5 22. Ne4 Bg6 23. c3 Ne6 24. Rfa1 Nc5 25. Nxc5 Bxd3 26. Nxd3 Qg5 27. Rxa5 Qd2 28. R5a2 Qg5 29.
Kh1 e4 30. fxe4 Qh4 31. Ne7 Qxe7 0-1

[Event "Early-Titled-Tuesday-Blitz-October-24-2023"]
[Site "Chess.com"]
[Date "2023.10.24"]
[Round "1"]
[White "BJthechessgod"]
[Black "Szparu"]
[Result "0-1"]
[WhiteElo "2376"]
[BlackElo "2698"]
[TimeControl "180+1"]
[EndTime "8:06:19 PDT"]
[Termination "Szparu won by checkmate"]

1. e4 c5 2. Nf3 d6 3. d4 cxd4 4.
Nxd4 Nf6 5. Nc3 Nc6 6. Bg5 Bd7 7. Qd2 a6 8. O-O-O e6 9. f4 Be7 10. Nf3 b5 11. e5 b4 12. exf6 bxc3 13. Qxc3 gxf6 14.
Bh4 Rg8 15. Bd3 Rc8 16. Bxa6 Rc7 17. Qd2 d5 18. Bd3 Qa8 19. Kb1 Ra7 20. a3 Rb7 21.
Qc3 Bxa3 22. b3 Bb4 23. Qxf6 Qa5 24. Ne5 Nxe5 25. fxe5 Ra7 26. c3 Qa1+ 27. Kc2 Ra2# 0-1

[Event "Early-Titled-Tuesday-Blitz-October-24-2023"]
[Site "Chess.com"]
[Date "2023.10.24"]
[Round "1"]
[White "ilushka"]
[Black "blitzking1729"]
[Result "0-1"]
[WhiteElo "2439"]
[BlackElo "2805"]
[TimeControl "180+1"]
[EndTime "8:06:20 PDT"]
[Termination "blitzking1729 won on time"]

1. e4 g6 2. d4 Bg7 3. Nf3 d6 4. c3 Nc6 5. d5 Ne5 6. Nxe5 Bxe5 7. f4 Bg7 8. Be3 Nf6 9. Nd2 Ng4 10. Bg1 e5 11. Be2 h5 12. h3 Qh4+ 13. Kf1 Nh6 14. fxe5 Bxe5 15. Nf3 Qf4 16. Bh2 Qxe4 17. Nxe5 dxe5 18.
Bf3 Qf5 19. Qe2 f6 20. Kg1 O-O 21. Rf1 Qg5 22. h4 Qxh4 23. Bxe5 Qg5 24. Bd4 Nf5 25.
Bc5 Rd8 26. Rh3 Bd7 27. Be4 Re8 28. Qd3 Kg7 29. Bxf5 Bxf5 30. Rxf5 Qxf5 31. Qxf5 gxf5 32. Rxh5 Re5 33. c4 c6 34. Bd4 Re4 35. Bc3 Rxc4 36. Rxf5 Rf8 37. dxc6 Rxc6 38. g4 Kg6 39. g5 Kxf5 0-1

[Event "Early-Titled-Tuesday-Blitz-October-24-2023"]
[Site "Chess.com"]
[Date "2023.10.24"]
[Round "1"]
[White "Masterbeaterr"]
[Black "siciliannaga"]
[Result "1-0"]
[WhiteElo "2444"]
[BlackElo "2773"]
[TimeControl "180+1"]
[EndTime "8:06:20 PDT"]
[Termination "Masterbeaterr won by checkmate"]

1. d4 Nf6 2. c4 g6 3. h4 d5 4. cxd5 Nxd5 5. e4 Nf6 6. Nc3 h5 7. Bg5 Bg7 8. Bc4 O-O 9. Nge2 Nc6 10. O-O Na5 11. Bd3 Ng4 12. Bc2 c5 13. d5 Nc4 14. b3 Nd6 15. Rc1 b6 16. f3 Ne5 17. f4 Ng4 18. e5 Nf5 19. Qd3 f6 20.
Ne4 Nfe3 21. Rf3 Nxc2 22. Rxc2 Bf5 23. N2g3 fxg5 24. Nxf5 Rxf5 25. hxg5 Qd7 26. Ng3 Rd8 27. Nxf5 gxf5 28. Rd2 Qc8 29. Qc4 Kh7 30. Rfd3 Kg6 31. d6 e6 32. d7 Qc6 33. Rd6 Qe4 34.
Rxe6+ Kf7 35. Rf6+ Ke7 36. Qe6# 1-0

[Event "Early-Titled-Tuesday-Blitz-October-24-2023"]
[Site "Chess.com"]
[Date "2023.10.24"]
[Round "1"]
[White "Emp3rador"]
[Black "MikeSailer"]
[Result "1-0"]
[WhiteElo "2534"]
[BlackElo "2043"]
[TimeControl "180+1"]
[EndTime "8:06:20 PDT"]
[Termination "Emp3rador won on time"]

1. e4 d5 2. exd5 Qxd5 3. Nc3 Qd6 4. d4 c6 5. Nf3 Bg4 6. h3 Bh5 7. g4 Bg6 8. Ne5 Nd7 9. Bf4 Nxe5 10. Bxe5 Qb4 11.
Rb1 e6 12. Bg2 Nf6 13. O-O Be7 14. f4 h6 15. f5 exf5 16. gxf5 Bh5 17. Qe1 O-O-O 18.
Qh4 g5 19. fxg6 fxg6 20. Bxf6 Bxf6 21. Qxf6 Kb8 22. Qe5+ Ka8 23. Qc5 Qxd4+ 24. Qxd4 Rxd4 25. Rbe1 a6 26. Ne4 Rhd8 27. c3 Rd3 28. Nf6 Bd1 29.
Be4 Rd2 30. Bxg6 Rxb2 31. Rxd1 1-0

[Event "Early-Titled-Tuesday-Blitz-October-24-2023"]
[Site "Chess.com"]
[Date "2023.10.24"]
[Round "1"]
[White "WhiteKnight2612"]
[Black "WindWhistler11"]
[Result "1-0"]
[WhiteElo "2818"]
[BlackElo "2449"]
[TimeControl "180+1"]
[EndTime "8:06:21 PDT"]
[Termination "WhiteKnight2612 won on time"]

1. e4 e6 2. d3 d5 3. Nd2 Nf6 4. g3 c5 5. Bg2 g6 6. e5 Nfd7 7. f4 Nc6 8. Ngf3 Bg7 9. O-O O-O 10. c3 b6 11. d4 a5 12. g4 Ba6 13. Rf2 cxd4 14.
Nxd4 Nxd4 15. cxd4 Bd3 16. Qb3 Ba6 17. f5 Rc8 18. Nf3 Bc4 19. Qd1 exf5 20. gxf5 Re8 21.
Ng5 f6 22. Ne6 Qe7 23. Nxg7 Qxg7 24. b3 Bb5 25. Bxd5+ Kh8 26. e6 Nf8 27. Bf4 gxf5+ 28. Rg2 Ng6 29. Qd2 Rcd8 30. Bf3 Rxe6 31. d5 Ree8 32. d6 Qd7 33. Qd4 Ne5 34. Bh5 Bc6 35.
Bxe8 Rxe8 36. Rg3 Rg8 37. Bxe5 1-0

[Event "Early-Titled-Tuesday-Blitz-October-24-2023"]
[Site "Chess.com"]
[Date "2023.10.24"]
[Round "1"]
[White "seopie"]
[Black "newyorkmouse"]
[Result "1-0"]
[WhiteElo "2905"]
[BlackElo "2493"]
[TimeControl "180+1"]
[EndTime "8:06:22 PDT"]
[Termination "seopie won by resignation"]

1. e4 g6 2. d4 Bg7 3. c4 d6 4. Nc3 Nf6 5. h3 O-O 6. Be3 e5 7. d5 a5 8. g4 Na6 9. Nge2 c6 10. Ng3 cxd5 11. cxd5 Nc5 12. Be2 Bd7 13. g5 Ne8 14. h4 Rb8 15. h5 b5 16. Nb1 f5 17. gxf6 Qxf6 18. Nd2 Bh6 19. Bxc5 dxc5 20. Rh2 Nd6 21. hxg6 Qxg6 22. Qc2 Rxf2 23. Rxf2 Qxg3 24.
Nf1 Qg5 25. Qd3 c4 26. Qg3 Nxe4 27. Qxg5+ Bxg5 28. Rg2 Kf7 29. Bh5+ Ke7 30. Bf3 Bh4+ 31. Ke2 Ng5 32. Bg4 Nh3 33. Bxh3 Bxh3 34. Rg7+ Kd6 35. Ne3 h5 36. Rh1 Bf6 37. Rg6 1-0

[Event "Early-Titled-Tuesday-Blitz-October-24-2023"]
[Site "Chess.com"]
[Date "2023.10.24"]
[Round "1"]
[White "Chessy222222"]
[Black "YouJustFoundYourGodfather"]
[Result "0-1"]
[WhiteElo "2307"]
[BlackElo "2637"]
[TimeControl "180+1"]
[EndTime "8:06:25 PDT"]
[Termination "YouJustFoundYourGodfather won by resignation"]

1. e4 e6 2. d4 d5 3. Nc3 Bb4 4. e5 Ne7 5. a3 Bxc3+ 6. bxc3 c5 7. Qg4 Qc7 8. Bd3 c4 9. Be2 Nf5 10. Nf3 Bd7 11. O-O Ba4 12. Ra2 Nc6 13. Be3 Nce7 14. Qh3 O-O-O 15. Nh4 h5 16. Bg5 Rdg8 17. Bxe7 Nxe7 18.
f4 g6 19. Nf3 h4 20. Rb1 Nf5 21.
Rab2 b6 22. Ng5 Kb7 23. Bg4 Qe7 24. Bxf5 gxf5 25. Qe3 Rg7 26. Kh1 Qxa3 27. Rb4 Bxc2 28.
Rc1 Bd3 29. h3 a5 30. Rb5 Ka6 0-1

[Event "Early-Titled-Tuesday-Blitz-October-24-2023"]
[Site "Chess.com"]
[Date "2023.10.24"]
[Round "1"]
[White "Grischuk"]
[Black "GlavkonVVS"]
[Result "1-0"]
[WhiteElo "2983"]
[BlackElo "2510"]
[TimeControl "180+1"]
[EndTime "8:06:26 PDT"]
[Termination "Grischuk won on time"]

1. d4 Nf6 2. c4 e6 3. Bg5 c5 4. d5 Qb6 5. Nc3 Qxb2 6. Bd2 Qb6 7. e4 d6 8. f4 exd5 9. cxd5 Bg4 10. Be2 Bxe2 11. Qxe2 Nbd7 12. e5 dxe5 13. fxe5 O-O-O 14.
Rb1 Qa5 15. exf6 Nxf6 16. Qc4 Bd6 17. Nge2 Rhe8 18. O-O Nxd5 19. Rb5 Qa6 20. Nxd5 Bxh2+ 21. Kxh2 Rxd5 22. Rxc5+ Rxc5 23. Qxc5+ Kb8 24. Ng3 f6 25. Bf4+ Ka8 26. Re1 Qa4 27. Qc4 Qd7 28. Qc7 Qa4 29. Re4 Qb5 30. a4 1-0

[Event "Early-Titled-Tuesday-Blitz-October-24-2023"]
[Site "Chess.com"]
[Date "2023.10.24"]
[Round "1"]
[White "Elsa167"]
[Black "venturov"]
[Result "1-0"]
[WhiteElo "2856"]
[BlackElo "2470"]
[TimeControl "180+1"]
[EndTime "8:06:27 PDT"]
[Termination "Elsa167 won by resignation"]

1. d4 Nf6 2. c4 e6 3. Nf3 b6 4.
Bf4 Bb7 5. e3 Ne4 6. Nbd2 Be7 7.
Bd3 Nxd2 8. Qxd2 d6 9. e4 Nd7 10. O-O O-O 11. Rfe1 Re8 12. Rad1 c5 13. Be3 Qc7 14. b3 Rad8 15. Bb1 Bf6 16. d5 exd5 17. exd5 Ne5 18. Ng5 g6 19. Ne4 Bg7 20. Bg5 Ra8 21.
Nf6+ Bxf6 22. Bxf6 Nd7 23. Bb2 Qd8 24. Qh6 Rxe1+ 25.
Rxe1 Qf8 26. Qe3 Rd8 27. g4 Bc8 28. g5 Ne5 29. f4 Nd7 30. Qc3 f6 31. gxf6 Qf7 32.
Re7 1-0